Cogmind - Beta 15 @@@ ROGUE MODE // 2025.07.15 @ 15:09:49 Player: LameThyst Result: Destroyed by PM-Y7G(R) with Subdweller Beam Cannon Performance ------------- Evolutions (0) 0 Regions Visited (2) 400 Robots Destroyed (10) 50 Value Destroyed (151) 151 Prototype IDs (0) 0 Alien Tech Used (0) 0 Bonus (0) 0 TOTAL SCORE: 601 Bonus ------- None Cogmind --------- Core Integrity 0/250 Matter 216/300 Energy 103/250 System Corruption 0% Temperature Cool (9) Movement Walking (190) Ox1 Location -10/Subcaves Parts ------- > --- POWER (1) -------- Ion Engine > --- PROPULSION (2) --- Aluminum Leg > --- UTILITY (2) ------ Small Storage Unit > --- WEAPON (2) ------- Small Laser Assault Rifle > --- INVENTORY (8) ---- Aluminum Leg Small Matter Pod (45) Sensor Array Signal Interpreter Seismic Detector Mining Laser Peak State ------------ > --- POWER ------------ Ion Engine > --- PROPULSION ------- Aluminum Leg Aluminum Leg > --- UTILITY ---------- Small Storage Unit Seismic Detector > --- WEAPON ----------- Assault Rifle Assault Rifle > --- INVENTORY -------- Light Ion Engine Compact Wheel Small Laser Mining Laser [Rating: 7] Favorites ----------- Power Ion Engine Engine Ion Engine Propulsion Aluminum Leg Leg Aluminum Leg Utility Small Storage Unit Device Seismic Detector Storage Small Storage Unit Protection Light Armor Plating Weapon Assault Rifle Energy Gun Small Laser Ballistic Gun Assault Rifle Special Weapon Mining Laser Build | -11 -10 -10 ------- Run | Yrd Mat Sub Slots Evolved . | . . . Power . | . . . Propulsion . | . . . Utility . | . . . Weapon . | . . . Parts Attached 12 | 7 1 4 Power 2 | 1 . 1 Engine 2 | 1 . 1 Core . | . . . Reactor . | . . . Propulsion 3 | 2 . 1 Treads . | . . . Leg 3 | 2 . 1 Wheel . | . . . Hover . | . . . Flight . | . . . Utility 3 | 2 . 1 Device 1 | 1 . . Storage 1 | 1 . . Processor . | . . . Hackware . | . . . Protection 1 | . . 1 Artifact . | . . . Weapon 4 | 2 1 1 Energy Gun 1 | . . 1 Energy Cannon . | . . . Ballistic Gun 2 | 2 . . Ballistic Cannon . | . . . Launcher . | . . . Special Weapon 1 | . 1 . Impact Weapon . | . . . Slashing Weapon . | . . . Piercing Weapon . | . . . Special Melee Weapon . | . . . Unidentified Prototypes . | . . . Parts Lost 4 | . . 4 Power 1 | . . 1 Propulsion 1 | . . 1 Utility 1 | . . 1 Weapon 1 | . . 1 Highest Loss Streak 4 | . . 4 To Critical Strikes . | . . . Average Backups 5 | 2 6 7 Power . | . 1 . Propulsion . | . 1 1 Utility 1 | . 1 4 Weapon 1 | 1 2 1 Tool/Special . | . . . Unused Backups 5 | . 2 3 Power 1 | . 1 . Propulsion 1 | . 1 . Utility 3 | . . 3 Weapon . | . . . Tool/Special . | . . . Average Slot Usage (%) 99 | . 100 99 Engine 14 | . 14 14 Leg 28 | . 28 28 Device 13 | . 14 12 Storage 14 | . 14 14 Ballistic Gun 26 | . 27 26 Peak Build Rating 7 | 7 7 7 Average Rating 6 | 5 7 6 On Entrance 4 | . 7 7 Naked Turns . | . . . Heaviest Build 15 | 15 15 15 Greatest Support 20 | 20 20 20 Greatest Overweight (x) 1 | 1 . . Average Overweight (x) . | . . . Largest Inventory Capacity 8 | 8 8 8 Average Capacity 7 | 7 8 8 Most Carried 8 | 5 8 8 Average Carried 5 | 2 5 7 Final Capacity 8 | 8 8 8 Final Carried 8 | 5 8 6 Class Distribution -------------------- 100% | Mutant Dominant Class ---------------- Mutant | -10/Materials Mutant | -10/Subcaves Resources | -11 -10 -10 ----------- Run | Yrd Mat Sub Matter Collected 452 | 342 66 44 Remotely . | . . . Salvage Created 308 | 146 66 96 Parts 21 | 8 5 8 Haulers Intercepted . | . . . Recyclers Shooed . | . . . Parts Field Recycled . | . . . Retrieved Matter . | . . . Parts Self-Destructed 8 | . . 8 Prevented . | . . . Kills | -11 -10 -10 ------- Run | Yrd Mat Sub Combat Hostiles Destroyed 5 | . 1 4 Guns 5 | . 1 4 Classes Destroyed 7 | 3 2 2 Worker 1 | 1 . . Tunneler 2 | 2 . . Recycler 1 | 1 . . Watcher 1 | . 1 . Swarmer 3 | . . 3 Grunt 1 | . 1 . Subdweller 1 | . . 1 Best Kill Streak 3 | 2 2 3 Combat Bots Only 3 | . 1 3 Max Kills in Single Turn 1 | 1 1 1 Gunslinging . | . . . Exploded . | . . . Melee . | . . . Uniques/NPCs Destroyed . | . . . Combat | -11 -10 -10 -------- Run | Yrd Mat Sub Hostile Shots Fired 75 | . 2 73 Missed 25 | . . 25 Hits 50 | . 2 48 Projectile 50 | . 2 48 Critical Strikes 1 | . . 1 Damage Taken 779 | . 22 757 Core 263 | . . 263 Absorbed by Shields . | . . . Core Remaining (%) 100 | 100 . . Volleys Fired 34 | 12 6 16 Largest 2 | 2 2 2 Hottest 100 | 40 100 60 Shots Fired 67 | 24 11 32 Gun 66 | 24 10 32 Cannon . | . . . Launcher . | . . . Special 1 | . 1 . Kinetic 60 | 24 10 26 Thermal 7 | . 1 6 Explosive . | . . . Electromagnetic . | . . . Robot Hit Streak 22 | 9 12 22 Robot Miss Streak 3 | 1 2 3 Penetration Max . | . . . Secondary Targets 1 | . . 1 Max Gunslinging Chain 1 | . . 1 Shots Hit Robots 46 | 17 5 24 Core Hits 15 | 5 3 7 Critical Kills 1 | 1 . . Critical Parts Destroyed 1 | . . 1 Critical Strikes 2 | 1 . 1 Destroy 2 | 1 . 1 Melee Attacks . | . . . Impact . | . . . Slashing . | . . . Piercing . | . . . Sneak Attacks . | . . . Combat Hostiles . | . . . Follow-up Attacks . | . . . Damage Inflicted 571 | 216 65 290 Guns 571 | 216 65 290 Cannons . | . . . Explosions . | . . . Melee . | . . . Ramming . | . . . Kinetic 507 | 216 65 226 Thermal 64 | . . 64 Explosive . | . . . Electromagnetic . | . . . Impact . | . . . Slashing . | . . . Piercing . | . . . Highest Corruption . | . . . Average Corruption . | . . . Corruption Purged . | . . . Corruption Blocked . | . . . Overload Shots . | . . . Overflow Damage . | . . . Projectiles . | . . . Explosions . | . . . Melee . | . . . Knockbacks . | . . . Impact . | . . . Kinetic . | . . . Secondary . | . . . Self-Inflicted Damage . | . . . Shots . | . . . Rammed . | . . . Targets Rammed . | . . . Kicked . | . . . Crushed . | . . . Highest Temperature 281 | . 20 281 Average Temperature 133 | . 10 174 Received Heat Transfer 600 | . 12 588 Siege Activations . | . . . Martial Activations . | . . . Shielding Activations . | . . . Robots Disrupted . | . . . Combat Hostiles . | . . . Robots Corrupted . | . . . Combat Hostiles . | . . . Parts Fried . | . . . Impact Corruptions . | . . . Robots Melted . | . . . Combat Hostiles . | . . . Parts Melted . | . . . Heat Transferred 150 | . . 150 Parts Sabotaged . | . . . Parts Stolen . | . . . Parts Stripped . | . . . Power Chain Reactions . | . . . Alert | -11 -10 -10 ------- Run | Yrd Mat Sub Maximum Alert Level . | . . . Low Security (%) 100 | 100 100 . Level 1 . | . . . Level 2 . | . . . Level 3 . | . . . Level 4 . | . . . Level 5 . | . . . High Security . | . . . Max Security . | . . . Peak Influence 35 | 10 35 . Initial . | . . . Average 5 | 1 9 . Influence Increases 228 | 20 58 150 Destroy 0b10 Robot/C 80 | . 20 60 Destroy 0b10 Robot/NC 25 | 20 5 . Destroy Leader 12 | . 12 . Successful Hack 5 | . 5 . Disable Machine 15 | . 15 . Destroy Structure 1 | . 1 . Lose Combat Pursuer 90 | . . 90 Influence Decreases 158 | 20 53 85 Entered New Map 3 | . . 3 Time Decay 115 | 20 53 42 Lost Part 40 | . . 40 Squads Dispatched 1 | . 1 . Investigation . | . . . Extermination . | . . . Reinforcement 1 | . 1 . Assault . | . . . Garrison . | . . . Intercept . | . . . Searches Triggered . | . . . Construction Impeded . | . . . Haulers Reinforced . | . . . Active Scanning Responses . | . . . Cargo Convoy Interrupts . | . . . Stealth | -11 -10 -10 --------- Run | Yrd Mat Sub Distress Signals 1 | . 1 . Communications Jammed . | . . . Distress Signals . | . . . Times Spotted 16 | . 4 12 Peak Tracking Total 4 | . 2 4 Tactical Retreats 2 | . . 2 Traps | -11 -10 -10 ------- Run | Yrd Mat Sub Traps Triggered . | . . . Indirectly . | . . . Trap Hack Attempts . | . . . Triggered . | . . . Disarmed . | . . . Reprogrammed . | . . . Reused . | . . . Traps Extracted . | . . . Installed . | . . . Triggered . | . . . Machines | -11 -10 -10 ---------- Run | Yrd Mat Sub Machines Disabled 1 | . 1 . Max in Single Turn 1 | . 1 . Machines Repaired . | . . . Machines Dismantled . | . . . Machines Sabotaged . | . . . Overloaded Fab Kills . | . . . Hacking | -11 -10 -10 --------- Run | Yrd Mat Sub Machines Accessed 1 | . 1 . Terminals 1 | . 1 . Fabricators . | . . . Repair Stations . | . . . Recycling Units . | . . . Scanalyzers . | . . . Garrison Access . | . . . Total Hacks 3 | . 3 . Successful 2 | . 2 . Failed 1 | . 1 . Catastrophic . | . . . Database Lockouts . | . . . Manual 3 | . 3 . Terminals 3 | . 3 . Fabricators . | . . . Repair Stations . | . . . Recycling Units . | . . . Scanalyzers . | . . . Garrison Access . | . . . Terminal Hacks . | . . . Fabricator Hacks . | . . . Repair Station Hacks . | . . . Recycling Unit Hacks . | . . . Scanalyzer . | . . . Garrison Access Hacks . | . . . Unauthorized Hacks 2 | . 2 . Terminals 2 | . 2 . Botnet 1 | . 1 . Skim 1 | . 1 . Fabricators . | . . . Repair Stations . | . . . Recycling Units . | . . . Scanalyzers . | . . . Garrison Access . | . . . Data Cores Recovered . | . . . Used . | . . . Hacking Detections 1 | . 1 . Full Trace Events . | . . . Feedback Events . | . . . Feedback Blocked . | . . . Robot Schematics Acquired . | . . . Robots Built . | . . . Authchips . | . . . Time . | . . . Total Robot Build Rating . | . . . Part Schematics Acquired . | . . . Parts Built . | . . . Authchips . | . . . Time . | . . . Total Part Build Rating . | . . . Parts Repaired . | . . . Time . | . . . Parts Recycled . | . . . Recycled Matter . | . . . Retrieved Matter . | . . . Retrieved Components . | . . . Parts Scanalyzed . | . . . Part Schematics Acquired . | . . . Parts Damaged . | . . . Bothacking | -11 -10 -10 ------------ Run | Yrd Mat Sub Used RIF Installer . | . . . Robots Hacked . | . . . Non-combat . | . . . Combat . | . . . Robot Hacks Applied . | . . . Relay Couplers Released . | . . . Fabnet Peak Effective % . | . . . Robots Rewired . | . . . Allies Hacked . | . . . Hacks Repelled . | . . . Allies | -11 -10 -10 -------- Run | Yrd Mat Sub Total Allies . | . . . Largest Group . | . . . Highest-Rated Group . | . . . Highest-Rated Ally . | . . . Total Orders . | . . . Ally Attacks . | . . . Total Damage . | . . . Kills . | . . . Allies Corrupted . | . . . Allies Melted . | . . . Intel | -11 -10 -10 ------- Run | Yrd Mat Sub Active Infowar (turns) 444 | 80 217 147 Seismic 444 | 80 217 147 Robot Analysis Total . | . . . Derelict Logs Recovered . | . . . Drone Launches . | . . . Drone Recoveries . | . . . Exploration | -11 -10 -10 ------------- Run | Yrd Mat Sub Turns Passed 594 | 208 217 169 Spaces Moved 376 | 132 151 93 Core 4 | 4 . . Treads . | . . . Legs 372 | 128 151 93 Wheels . | . . . Hover . | . . . Flight . | . . . Fastest Speed 50 | 50 120 120 Average Speed 119 | 119 120 120 Slowest Speed 120 | 120 120 120 Overloaded Moves . | . . . Propulsion Burnouts . | . . . Robots Hopped . | . . . Potential Cave-ins . | . . . Cave-ins Triggered . | . . . Exploration Rate (%) 10 | 4 17 10 Regions Visited 2 Branch Regions 1 Pre-discovered Areas . | . . . Known Exits Taken . | . . . Unknown Exits Taken 2 | 1 1 . Scrap Searched . | . . . Spaces Dug . | . . . Terrain Destroyed . | . . . Melee . | . . . Projectile . | . . . AOE . | . . . Terrain Rammed . | . . . Walls Destroyed . | . . . Machines Disabled . | . . . Actions | -11 -10 -10 --------- Run | Yrd Mat Sub Total 447 | 155 174 118 Wait 13 | . 9 4 Move 374 | 131 150 93 Hop . | . . . Pick Up 10 | 5 5 . Fast Attach 7 | 7 . . Attach 2 | . . 2 Detach . | . . . Swap 5 | . 2 3 Drop 2 | . 2 . Fire 34 | 12 6 16 Melee . | . . . Ram . | . . . Kick . | . . . Crush . | . . . Escape Stasis . | . . . Rewire . | . . . Trap . | . . . Miscellaneous . | . . . Route ------- -11/Scrapyard -10/Materials -10/Subcaves (discovered 1 exit: [*Rec]) History --------- Turn | Location | Event 8 | -11/Scrapyard | Discovered new exit (range 16) 209 | -11/Scrapyard | Entered Materials 305 | -10/Materials | Build established: Mutant 411 | -10/Materials | Discovered new exit (range 10) 426 | -10/Materials | Entered Subcaves 427 | -10/Subcaves | Approached by a straggling Scientist 532 | -10/Subcaves | Discovered new exit (range 13) 576 | -10/Subcaves | Core integrity fell below 50% 586 | -10/Subcaves | Core integrity fell below 20% 595 | -10/Subcaves | Destroyed by PM-Y7G(R) with Subdweller Beam Cannon Last Messages --------------- 00518_ Flight Unit fries itself beyond repair. 00520_ Lgt. Assault Rifle fries itself beyond repair. 00521_ Acquired 14 matter. 00526_ S-10 Pest destroyed. UM-MI7(c): "I think it's somewhere southeast of here" 00528_ Subatomizers dissect the Flight Unit. 00529_ Acquired 10 matter. 00532_ EXIT=FOUND 00535_ UM-MI7(c) destroyed. 00540_ Flight Unit fries itself beyond repair. 20-PX5(R) emerges from concealment. 00571_ Assault Rifle destroyed. 00573_ Critical hit (Meltdown: +300). 00581_ F1-PSC(R) destroyed. 00581_ Switching to secondary target: PM-Y7G(R). 00583_ Ion Engine destroyed. 00583_ Lgt. Armor Plating destroyed. 00591_ Aluminum Leg destroyed. Map ----- +----------------------------------------------------+ | # ??# # ????????????????? | | ?## ##### # #?????????????????? | | ## ###???## ### #??###?????????????? | | # ##?????## ### ### ### #?????????? | | ## ## #??????# #?????????? | | ?# ### #??????# #?????????? | | ## " ### ##?????### ### #?????????? | | "" ## #???????## ####???? #?????????? | | "" ##???????#####?????????##?????????? | | ##"" #????????????????????????????????? | | ?#" #### #???????????????????????????? | | ?# " #???????????????????????????? | | ?# #### #???????????????????????????? | | ?###?### ##???????????????????????????? | | ?"#### ## #????????????????????????????? | | ?""""" #?? ##????????????????????????????? | | """"" "" #?????????????????????????????????? | | ?##" "" ##????????????????????????????????? | | ??###### "" #????????????????????????????????? | | ??????## " #????????????????????????????????? | | ?????## """ #???????????????????????????????? | | ?????#!%= """ ####???????????????????????????????? | | ?????# """## ##??????????????????????????????? | | ?#???## ### ##???####?????????????????????? | | """ ??### ### ##?##;;#????? #??????????????? | | " ?### # ### @/# #???????????? | | " # #????# !%R #????????????????? | | "" ##???## ## ! #????????????????? | | ##??## #### ####????????????????? | | "" #??# #??## #???????????????????? | | " # #?## ##????# #???????????????????? | | " # ### ####??? #???????????????????? | | """ ?# #??? #???????????????????? | | ####??## #?? ???????????????????? | | ???????####### ## ##??? ##??????????????????? | | ?????????????# ##?###???? #???????????????????? | | ?????????????# #????????? #???????????????????? | | ????????????? #?????????#???????????????????? | | ???????????? #?????????????????????????????? | | ??????????? ##?????????????????????????????? | | ??????????? #??????????????????????????????? | | ?????????? #??????????????????????????????? | | ????????? #??????????????????????????????? | | ????????? ??????????????????????????????? | | ????????? ??????????????????????????????? | | ????????? #?????????????????????????????? | | ???????????### ??????????????????????????????? | | ??????????????# #??????????????????????????????? | | ?????????????????????????????????????????????????? | | ?????????????????????????????????????????????????? | +----------------------------------------------------+ Best States ------------- Heat Dissipation 25 Energy Generation 10 Energy Capacity 250 Matter Stores 300 Matter Capacity 300 Sight Range 16 Terrain Scan Density 10 Armor Coverage 150 Evasion (%) 55 Item Schematics ----------------- None Robot Schematics ------------------ None Fabricated ------------ Nothing Repaired ---------- Nothing Alien Tech Used ----------------- None Achievements -------------- None Challenges ------------ None Game ------ Seed GaussSmartBank Manual? 0 Play Time 00:06:49 Cumulative 85.3 hours Start 2025.07.15 @ 15:04:35 End 2025.07.15 @ 15:09:49 Sessions 1 Manual Loads 0 Difficulty Rogue Special Mode None Game No. 90 Rogue 90 Adventurer 0 Explorer 0 Win Type - Total 0 Types 0/0/0/0/0/0/0/0/0/0 Lore% 48 Gallery% 41 Achievement% 30 Wizard Run 0 Options --------- Layout 1 ASCII 0 Keyboard 0 Movement Mouse Keybinds 0 Fullscreen 2 Font 48/Smallcaps Map View 50x35 Zoom Use 0% Tactical HUD 1 Map Filters NONE Filters NONE Steam 0 RUN: 58b911ab-3abb-4f7b-a550-893edbbb768c